 Dungeon Crawl Stone Soup version 0.21.1-1-g345015f (webtiles) character file.

13597 poirepourri the Cleaver (level 11, -7/100 HPs)
             Began as a Minotaur Berserker on July 20, 2018.
             Was a High Priest of Trog.
             Killed from afar by a manticore (17 damage)
             ... with a volley of spikes
             ... on level 11 of the Dungeon.
             The game lasted 00:14:40 (9966 turns).

poirepourri the Cleaver (Minotaur Berserker)        Turns: 9966, Time: 00:14:41

Health: -7/100     AC: 15    Str: 22    XL:     11   Next: 77%
Magic:  10/10      EV: 18    Int:  4    God:    Trog [*****.]
Gold:   332        SH:  0    Dex: 13    Spells: 10/10 levels left

rFire    . . .     SeeInvis .   a - +1 hand axe
rCold    . . .     Gourm    .   (no shield)
rNeg     + . .     Faith    .   o - +1 scale mail {rN+}
rPois    .         Spirit   .   (helmet restricted)
rElec    .         Reflect  .   A - +0 cloak
rCorr    .         Harm     .   g - +0 pair of gloves
MR       +....                  s - +2 pair of boots {Stlth+}
Stlth    +.........             (no amulet)
HPRegen  0.26/turn              D - ring of Loer {Wiz MR+}
MPRegen  0.12/turn              B - +2 ring of evasion

@: about to teleport, barbed spikes, berserk cooldown, very slightly
contaminated, hasted and slowed
A: retaliatory headbutt, horns 2
a: Berserk, Trog's Hand, Brothers in Arms, Burn Spellbooks, Renounce Religion


You were on level 11 of the Dungeon.
You worshipped Trog.
Trog was extremely pleased with you.
You were hungry.

You visited 1 branch of the dungeon, and saw 11 of its levels.

You collected 712 gold pieces.
You spent 380 gold pieces at shops.

Inventory:

Hand Weapons
 a - a +1 hand axe (weapon)
 b - a +1 morningstar of freezing
 x - a cursed +4 hand axe
Missiles
 k - 37 bolts
 w - 13 tomahawks (quivered)
 y - 3 tomahawks of returning
 z - 8 silver javelins
Armour
 c - a +0 buckler
 g - a +0 pair of gloves (worn)
 o - a +1 scale mail of positive energy (worn)
 s - a +2 pair of boots of stealth (worn)
 A - a +0 cloak (worn)
Jewellery
 m - an uncursed ring of teleportation
 p - an uncursed ring of magical power
 B - a +2 ring of evasion (right hand)
 C - an uncursed ring of flight
 D - the ring of Loer (left hand) {Wiz MR+}
   (You found it on level 10 of the Dungeon)

   [ring of wizardry]

   It improves your spell success rate.
   It affects your resistance to hostile enchantments.
Wands
 e - a wand of paralysis (17)
 i - a wand of disintegration (2)
 q - a wand of digging (9)
 r - a wand of flame (17)
 t - a wand of enslavement (4)
 F - a wand of scattershot (7)
Scrolls
 n - 2 scrolls of remove curse
 G - a scroll of identify
Potions
 d - 5 potions of flight
 f - a potion of agility
 h - 3 potions of brilliance
 l - 2 potions of lignification
Comestibles
 u - 2 rations


   Skills:
 - Level 10.2 Fighting
 - Level 14.2 Axes
 + Level 9.3 Armour
 - Level 11.1 Dodging


You had 10 spell levels left.
You didn't know any spells.

Dungeon Overview and Level Annotations

Branches:
Dungeon (11/15)              Lair (0/6) D:9
 Temple: D:4-7          Orc: D:9-12

Altars:
Ashenzari
Cheibriados
Makhleb
Vehumet
The Shining One

Shops:
D:7 [   D:10 [

Annotations:
D:9 1 runed door


Innate Abilities, Weirdness & Mutations

You reflexively headbutt those who attack you in melee.
You have a pair of horns on your head.


Message History

You butcher the howler monkey corpse.
The manticore flicks its tail.
The volley of spikes misses you.
You see here 2 chunks of flesh.
It was a potion of haste.
You feel yourself speed up.
The manticore flicks its tail.
The volley of spikes hits you!
The barbed spikes become lodged in your body.
* * * LOW HITPOINT WARNING * * *
Unknown command.
Blink to where?
Press: ? - help, Dir - move target cursor You are very lightly contaminated with residual magic.
As you read the scroll of blinking, it crumbles to dust.
As you read the scroll of teleportation, it crumbles to dust.
You feel strangely unstable.
The manticore flicks its tail.
The volley of spikes hits you!
The barbed spikes become lodged in your body.
You die...

#........# .... #......).#
#.... ... #........# #....
#...#....ยง.H.###+####+#....
#...######'#...............
...........#...............
...........#...............
...........#...............
..........@#...............
#'#####'####...............
..........#######......###+
..........#.....#......#...
..........#............#...
..........#.....#..........
..........#.....#......#...
............#####......###.
############# ##.......#.


You could see a manticore.

Vanquished Creatures
  2 hydras
  The ghost of Ethylacetat the Cleaver, a journeyman DsGl of Okawaru (D:11)
  A centaur warrior (D:9)
  2 two-headed ogres (D:9)
  Pikel (D:8)
  An ugly thing (D:11)
  A cyclops (D:11)
  Maurice (D:8)
  Psyche (D:8)
  3 trolls (D:10)
  2 hornets
  2 hippogriffs
  Sigmund (D:4)
  A vampire (D:11)
  2 wyverns
  5 hungry ghosts
  A soldier ant (D:8)
  2 ice beasts
  4 orc warriors
  A sky beast (D:8)
  A black bear (D:9)
  3 necrophages
  4 ogres
  2 phantoms (D:9)
  3 centaurs
  A crocodile (D:9)
  2 big kobolds
  6 bullfrogs
  A scorpion (D:6)
  6 killer bees (D:8)
  5 wights (D:8)
  7 howler monkeys
  2 bullfrog zombies
  4 crimson imps
  2 centaur zombies
  4 jellies
  3 bullfrog skeletons
  6 hounds
  4 orc priests
  7 iguanas
  10 orc wizards
  9 worker ants
  A hound zombie (D:9)
  A hound skeleton (D:7)
  2 worker ant zombies
  4 gnolls (D:4)
  A howler monkey skeleton (D:10)
  4 river rats (D:3)
  8 adders
  2 shadow imps
  An adder zombie (D:7)
  2 oozes (D:3)
  4 worms
  4 leopard geckos
  27 orcs
  4 bats
  A giant cockroach (D:7)
  17 goblins
  12 hobgoblins
  18 jackals
  4 quokkas
  2 ball pythons
  2 frilled lizards
  13 kobolds
  5 rats
266 creatures vanquished.

Vanquished Creatures (collateral kills)
  A catoblepas (D:9)
1 creature vanquished.

Vanquished Creatures (others)
  A slave (D:8)
  A leopard gecko (D:8)
2 creatures vanquished.

Grand Total: 269 creatures vanquished

Notes
Turn   | Place    | Note
-------+----------+-------------------------------------------
     0 | D:1      | poirepourri the Minotaur Berserker began the quest for the Orb.
     0 | D:1      | Reached XP level 1. HP: 19/19 MP: 0/0
     4 | D:1      | Noticed an anaconda
     7 | D:1      | Noticed a five-headed hydra
    36 | D:1      | Reached skill level 4 in Axes
   107 | D:1      | Reached XP level 2. HP: 19/26 MP: 1/1
   207 | D:2      | Reached skill level 5 in Axes
   290 | D:2      | Reached XP level 3. HP: 30/31 MP: 2/2
   819 | D:3      | Reached ** piety under Trog
  1043 | D:3      | Reached XP level 4. HP: 39/39 MP: 3/3
  1046 | D:3      | Reached skill level 6 in Axes
  1739 | D:4      | Reached skill level 7 in Axes
  1739 | D:4      | Reached XP level 5. HP: 42/45 MP: 4/4
  1792 | D:4      | Noticed Sigmund
  1804 | D:4      | Killed Sigmund
  1804 | D:4      | Reached XP level 6. HP: 45/57 MP: 5/5
  2392 | D:4      | Paralysed by an orc for 7 turns
  2781 | D:4      | Found a snail-covered altar of Cheibriados.
  2872 | D:5      | Entered Level 5 of the Dungeon
  2893 | D:5      | Found a radiant altar of Vehumet.
  2902 | D:5      | Reached XP level 7. HP: 66/66 MP: 6/6
  2910 | D:5      | Found a shattered altar of Ashenzari.
  2924 | D:5      | Found a burning altar of Makhleb.
  2927 | D:5      | Found a glowing golden altar of the Shining One.
  2975 | D:5      | Reached *** piety under Trog
  3590 | D:7      | Reached skill level 10 in Fighting
  3590 | D:7      | Reached XP level 8. HP: 49/79 MP: 7/7
  3722 | D:7      | Reached **** piety under Trog
  3781 | D:7      | Reached skill level 8 in Axes
  4019 | D:8      | Noticed Psyche
  4063 | D:8      | Noticed Maurice
  4113 | D:8      | Killed Maurice
  4113 | D:8      | Reached skill level 9 in Axes
  4132 | D:8      | Reached skill level 10 in Axes
  4204 | D:8      | HP: 3/79 [Psyche/puff of flame (8)]
  4208 | D:8      | HP: 1/79 [Psyche/puff of flame (13)]
  4210 | D:8      | Killed Psyche
  4210 | D:8      | Reached skill level 11 in Axes
  4210 | D:8      | Reached XP level 9. HP: 7/85 MP: 8/8
  4927 | D:7      | Reached skill level 5 in Dodging
  4973 | D:7      | Found Aruph's Armour Boutique.
  4988 | D:7      | Bought a +2 pair of boots of stealth for 322 gold pieces
  5353 | D:8      | Paralysed by a hornet for 2 turns
  5685 | D:8      | Noticed Pikel
  5723 | D:8      | Killed Pikel
  6070 | D:8      | Reached XP level 10. HP: 85/93 MP: 9/9
  7068 | D:9      | Noticed a two-headed ogre
  7078 | D:9      | Killed a two-headed ogre
  7078 | D:9      | Reached skill level 10 in Dodging
  7248 | D:9      | Reached ***** piety under Trog
  7515 | D:9      | Noticed a centaur warrior
  7517 | D:9      | Noticed a catoblepas
  7517 | D:9      | Noticed an eight-headed hydra
  7527 | D:9      | Killed a centaur warrior
  7565 | D:9      | Reached skill level 12 in Axes
  7580 | D:9      | Killed a catoblepas
  7603 | D:8      | Killed an eight-headed hydra
  7603 | D:8      | Reached skill level 13 in Axes
  7806 | D:9      | Found a runed door.
  7807 | D:9      | Noticed a two-headed ogre
  7827 | D:9      | Found a staircase to the Lair.
  7856 | D:9      | Noticed a two-headed ogre
  7862 | D:9      | Killed a two-headed ogre
  7862 | D:9      | Reached XP level 11. HP: 67/100 MP: 10/10
  8408 | D:10     | Entered Level 10 of the Dungeon
  8439 | D:10     | Reached skill level 14 in Axes
  8542 | D:10     | Got a shimmering iron ring
  8560 | D:10     | Identified the ring of Loer {Wiz MR+} (You found it on level 10 of the Dungeon)
  8859 | D:10     | Found Utit's Armour Emporium.
  8867 | D:10     | Bought a +0 buckler for 58 gold pieces
  8992 | D:11     | Noticed a purple ugly thing
  9005 | D:11     | Killed a purple ugly thing
  9005 | D:11     | Reached skill level 5 in Armour
  9037 | D:11     | Noticed Ethylacetat's ghost (journeyman DsGl)
  9054 | D:11     | Killed Ethylacetat's ghost
  9940 | D:11     | Noticed a five-headed hydra
  9955 | D:11     | Killed an 18-headed hydra
  9966 | D:11     | Killed from afar by a manticore

Skill      XL: |  1  2  3  4  5  6  7  8  9 10 11 |
---------------+----------------------------------+-----
Axes           | 4 5 7 11 13 14 | 14.2
Fighting       | 6 7 10 | 10.2
Dodging        | 9 11 | 11.1
Armour         | 9 |  9.3

Action                   |  1- 3 |  4- 6 |  7- 9 | 10-12 || total
-------------------------+-------+-------+-------+-------++-------
Melee: Hand axe          |    88 |    96 |   279 |   382 ||   845
       Headbutt          |    11 |    16 |    56 |   106 ||   189
Throw: Tomahawk          |       |       |     1 |       ||     1
Invok: Berserk           |       |     3 |     8 |     8 ||    19
       Burn Spellbooks   |       |       |     1 |     2 ||     3
       Trog's Hand       |       |       |       |     1 ||     1
       Brothers in Arms  |       |       |       |     1 ||     1
Evoke: Wand              |       |       |     2 |     3 ||     5
  Use: Scroll            |     5 |     1 |     4 |    14 ||    24
       Potion            |       |       |     5 |     2 ||     7
  Eat: Chunk             |       |     3 |     6 |     9 ||    18
       Ration            |       |     2 |     5 |     4 ||    11
Armor: Scale mail        |    45 |    25 |   150 |   145 ||   365
       Animal skin       |     5 |       |       |       ||     5
Dodge: Dodged            |    73 |    61 |   221 |   327 ||   682
